 Dungeon Crawl Stone Soup version 0.18-a0-1197-g8004e50 (webtiles) character file.

25 M4edhros the Charlatan (level 3, 0/23 HPs)
             Began as an Octopode Artificer on Jan 30, 2016.
             Slain by a rat (2 damage)
             ... on level 3 of the Dungeon.
             The game lasted 00:01:04 (303 turns).

M4edhros the Charlatan (Octopode Artificer)          Turns: 303, Time: 00:01:04

Health: 0/23       AC:  1    Str: 10    XL:     3   Next: 4%
Magic:  5/5        EV: 12    Int: 15    God:
Gold:   5          SH:  0    Dex: 12    Spells: 0 memorised, 2 levels left

rFire  . . .     SeeInvis .     k - staff of cold
rCold  + . .     Gourm    .     (no shield)
rNeg   . . .     Faith    .     (helmet restricted)
rPois  .         Spirit   .     (no amulet)
rElec  .         Dismiss  .     (no ring)
rCorr  .         Reflect  .     (no ring)
SustAt .         Harm     .     (no ring)
MR     .....                    (no ring)
Stlth  +++.......               (no ring)
                                (no ring)
                                (no ring)
                                (no ring)

@: lethally poisoned (0 -> -8), flying, not resistant to hostile enchantments,
fairly stealthy
A: almost no armour, amphibious, 8 rings, constrict 8, camouflage 1, gelatinous
body 1
a: no special abilities


You were on level 3 of the Dungeon.
You were not hungry.

You visited 1 branch of the dungeon, and saw 3 of its levels.

You collected 5 gold pieces.

Inventory:

Hand Weapons
 a - a +0 short sword
 g - a +0 hunting sling
Missiles
 e - 43 stones (quivered)
Magical Staves
 k - an uncursed staff of cold (weapon)
Wands
 b - a wand of flame (14/48)
 c - a wand of enslavement (15/24)
 d - a wand of random effects (15/48)
Scrolls
 h - a scroll of identify {unknown}
 i - a scroll of random uselessness {unknown}
Comestibles
 f - 2 bread rations


   Skills:
 - Level 1.0 Fighting
 - Level 1.0 Short Blades
 * Level 2.7 Dodging
 * Level 2.6 Stealth
 + Level 3.5 Evocations


You had 2 spell levels left.
You didn't know any spells.

Dungeon Overview and Level Annotations

Branches:
Dungeon (3/15)

Altars:

Annotations:
D:2 Natasha


Innate Abilities, Weirdness & Mutations

You cannot wear most types of armour.
You are amphibious.
You can wear up to eight rings at the same time.
You can use your tentacles to constrict eight enemies at once.
Your skin changes colour to match your surroundings (Stealth).
Your rubbery body absorbs attacks (AC +1).


Message History

The adder barely misses you.
Unknown command.
Drink which item? (? for menu, Esc to quit)
It was a potion of flight.
You feel very buoyant.
You fly up into the air.
You constrict the adder.
You feel sick. The adder bites you.
* * * LOW HITPOINT WARNING * * *
The rat closely misses you.
You hit the adder.
You kill the adder!
You have reached level 3!
Your experience leads to an increase in your attributes!
Increase (S)trength, (I)ntelligence, or (D)exterity?
You feel clever.
* * * LOW HITPOINT WARNING * * *
You feel sick. The rat closely misses you.
You barely miss the rat. Your grab misses the rat. Your squeeze misses the rat.
The rat bites you.
You die...

#.........#
#.........#
#.........##
#..........#####
#..............##
#.........##....##
#...).....#......##
#.................#
#..........@.......
##.......#..r....##
##.....###........
####.## ......?##
#.# .......# #.#
#........# #.#
##.....#.[ #.
##...###.


You could see a rat.

Vanquished Creatures
  An adder (D:3)
  An ooze (D:1)
  A ball python (D:1)
  2 giant cockroaches
  2 goblins (D:1)
  A hobgoblin (D:1)
  A kobold (D:1)
  A bat (D:1)
10 creatures vanquished.

Vanquished Creatures (others)
  A kobold (D:1)
1 creature vanquished.

Grand Total: 11 creatures vanquished

Notes
Turn   | Place    | Note
--------------------------------------------------------------
     0 | D:1      | M4edhros the Octopode Artificer began the quest for the Orb.
     0 | D:1      | Reached XP level 1. HP: 13/13 MP: 3/3
   144 | D:1      | Reached XP level 2. HP: 18/18 MP: 4/4
   242 | D:1      | You fall through a shaft!
   271 | D:2      | Noticed Natasha
   302 | D:3      | Reached XP level 3. HP: 3/23 MP: 5/5
   303 | D:3      | Slain by a rat

Vault maps used:
D:1:      mrwooster_arrival_arrow, serial_corexii_hall, corexii_hall_statues_s,
          corexii_hall_statues_u, monster_avoids_cloud
D:2:      lemuel_crystal_altar, minmay_hedge_maze, kennysheep_generic_room_2,
          uniq_natasha
D:3:      lemuel_doored_altar, first_bread

Action                   || total
-------------------------++-------
Melee: Short sword       ||    15
       Staff             ||     6
Evoke: Wand              ||     1
  Use: Potion            ||     1
 Stab: Sleeping          ||     2
